 Dungeon Crawl Stone Soup version 0.19-a0-994-g3c636f0 (webtiles) character file.

378818 mistymad the Acrobat (level 22, -21/200 HPs)
             Began as a Merfolk Skald on July 16, 2016.
             Was the Champion of Fedhas.
             Demolished by a vault warden (illusionary)
             ... wielding a +2 great sword of venom
              (47 damage)
             ... on level 3 of the Vaults on July 17, 2016.
             The game lasted 03:34:35 (50415 turns).

mistymad the Acrobat (Merfolk Skald)               Turns: 50415, Time: 03:34:36

Health: -21/200    AC: 26    Str: 16    XL:     22   Next: 84%
Magic:  36/36      EV: 29    Int: 18    God:    Fedhas [******]
Gold:   1358       SH:  0    Dex: 15    Spells: 12 memorised, 13 levels left

rFire  . . .     SeeInvis +     j - +5 demon trident (vamp)
rCold  + . .     Gourm    .     F - +2 leather armour "Tinoxt" {rC+ MR+ Dex-3}
rNeg   + . .     Faith    .     M - +0 shield
rPois  .         Spirit   .     O - +1 helmet
rElec  +         Dismiss  .     C - +2 cloak
rCorr  .         Reflect  .     a - +2 pair of gloves of Servitude {rElec MR+ Slay+3 SInv}
SustAt .         Harm     .     U - +2 pair of boots {run}
MR     ++++.                    G - amulet of regeneration
Stlth  ++........               g - ring of Robustness {AC+8}
                                l - ring of Puqycs {rN+ MR+ Int+5 SInv, =R}

@: confused, about to teleport, very slightly contaminated, regenerating,
hasted, repel missiles, drained, very quick, incredibly resistant to hostile
enchantments, unstealthy
A: change form in water, swift swim
a: Evolution, Sunlight, Growth, Reproduction, Rain, Renounce Religion
}: 2/15 runes: serpentine, barnacled


You were on level 3 of the Vaults.
You worshipped Fedhas.
Fedhas was exalted by your worship.
You were hungry.

You visited 8 branches of the dungeon, and saw 38 of its levels.
You also visited: Wizlab.

You collected 4723 gold pieces.
You spent 3365 gold pieces at shops.

Inventory:

Hand Weapons
 j - a +5 vampiric demon trident (weapon)
Missiles
 E - 8 throwing nets (quivered)
Armour
 a - the +2 pair of gloves of Servitude (worn) {rElec MR+ Slay+3 SInv}
   (You acquired it on level 4 of the Shoals)

   It affects your accuracy and damage with ranged weapons and melee attacks
   (+3).
   It insulates you from electricity.
   It affects your resistance to hostile enchantments.
   It lets you see invisible.
 n - the +5 pair of gloves of Voiwnic {rCorr Str+3}
   (You acquired it on level 2 of the Orcish Mines)

   It affects your strength (+3).
   It protects you from acid and corrosion.
 C - a +2 cloak (worn)
 F - the +2 leather armour "Tinoxt" (worn) {rC+ MR+ Dex-3}
   (You bought it in a shop on level 10 of the Dungeon)

   It affects your dexterity (-3).
   It protects you from cold.
   It affects your resistance to hostile enchantments.
 M - a +0 shield (worn)
 O - a +1 helmet (worn)
 U - a +2 pair of boots of running (worn)
Jewellery
 g - the ring of Robustness (right hand) {AC+8}
   (You found it on level 4 of the Shoals)

   [ring of protection]

   It affects your AC (+8).
 l - the ring of Puqycs (left hand) {rN+ MR+ Int+5 SInv, =R}
   (You bought it in a shop on level 2 of the Orcish Mines)

   [ring of see invisible]

   It affects your intelligence (+5).
   It protects you from negative energy.
   It affects your resistance to hostile enchantments.
   It lets you see invisible.
 t - an uncursed ring of protection from fire
 G - an amulet of regeneration (around neck)
 T - the ring "Waclis" {rPois rC+ Dex+4 Stlth+}
   (You took it off a red devil on level 6 of the Lair of Beasts)

   [ring of stealth]

   It affects your dexterity (+4).
   It protects you from cold.
   It protects you from poison.
   It makes you more stealthy.
Wands
 y - a wand of hasting (4/9)
 B - a wand of digging (0/24)
 V - a wand of teleportation (1/9)
Scrolls
 b - 3 scrolls of enchant armour
 e - 5 scrolls of amnesia
 h - 6 scrolls of fear
 v - 2 scrolls of recharging
 w - 8 scrolls of magic mapping
 z - 9 scrolls of teleportation
 D - 8 scrolls of blinking
 H - 6 scrolls of identify
 I - 4 scrolls of fog
 J - 13 scrolls of remove curse
 R - 2 scrolls of silence
Potions
 c - a potion of invisibility {unknown}
 f - 3 potions of cancellation
 i - 16 potions of flight
 o - 3 potions of cure mutation
 p - 5 potions of agility
 q - 6 potions of brilliance
 s - 2 potions of heal wounds
 u - 5 potions of haste
 x - 4 potions of mutation
 A - 4 potions of resistance
 S - 3 potions of magic
Miscellaneous
 k - a phial of floods
Comestibles
 d - 14 bread rations
 r - 15 meat rations
 K - 2 slices of pizza
 N - 18 royal jellies
 P - 24 fruits
 Q - 11 beef jerkies


   Skills:
 + Level 23.2(23.1) Fighting
 - Level 14.0(13.9) Polearms
 + Level 6.5(6.4) Armour
 - Level 23.4(23.3) Dodging
 - Level 10.1 Stealth
 - Level 15.0(14.9) Shields
 - Level 10.6 Spellcasting
 - Level 5.0(4.9) Hexes
 - Level 10.9 Charms
 - Level 8.5 Invocations
 - Level 3.0 Evocations


You had 13 spell levels left.
You knew the following spells:

 Your Spells              Type           Power        Failure   Level  Hunger
a - Infusion              Chrm           ####         1%          1    None
b - Song of Slaying       Chrm           #####...     1%          2    None
c - Shroud of Golubria    Chrm/Tloc      ####......   1%          2    None
d - Regeneration          Chrm/Necr      ####......   2%          3    None
e - Spectral Weapon       Hex/Chrm       #####...     1%          3    None
f - Apportation           Tloc           #.........   12%         1    None
g - Tukima's Dance        Hex            ####....     3%          3    None
h - Summon Lightning Spi  Summ/Air       #.......     86%         4    ##.....
i - Slow                  Hex            ####....     1%          2    None
j - Repel Missiles        Chrm/Air       ####..       1%          2    None
k - Blink                 Tloc           N/A          14%         2    None
l - Passage of Golubria   Tloc           N/A          86%         4    ##.....


Dungeon Overview and Level Annotations

Branches:
Dungeon (15/15)            Temple (1/1) D:5            Lair (6/6) D:10
 Shoals (4/4) Lair:3        Snake (4/4) Lair:2        Slime (0/5) Lair:5
    Orc (2/2) D:10            Elf (3/3) Orc:2        Vaults (3/5) D:13
  Crypt (0/3) Vaults:2     Depths (0/5) D:15

Altars:
Ashenzari
Cheibriados
Dithmenos
Elyvilon
Fedhas
Gozag
Hepliaklqana
Kikubaaqudgha
Makhleb
Nemelex Xobeh
Okawaru
Pakellas
Qazlal
Ru
Sif Muna
Trog
Uskayaw
Vehumet
Xom
Yredelemnul
Zin
The Shining One
Beogh

Shops:
D:7 }   D:8 (   D:10 [   D:12 !   D:14 %   Orc:2 %===(:**!   Elf:1 *   Elf:3 :
Shoals:1 *   Snake:1 =   Snake:2 }   Vaults:2 }?(*

Portals:
Hell: Lair:6
Trove: D:11 (give +4 demon trident)

Annotations:
D:15 exclusion: Roxanne, Roxanne


Message History

The vault warden is heavily wounded.
Unknown command.
You hit the vault warden.
The vault warden is heavily wounded.
The yaktaur captain hits you but does no damage.
The rakshasa hits you but does no damage.
You block the yaktaur's attack.
The vault warden hits you with a great sword of venom!!
* * * LOW HITPOINT WARNING * * *
You take 29 damage, and have 19/200 hp.
You are confused.
You feel invigorated.
You regained 4 hp, and now have 23/200 hp.
You regained 2 mp, and now have 35/36 mp.
Unknown command.
The yaktaur captain barely misses you. The yaktaur misses you.
The rakshasa completely misses you.
The vault warden hits you with a great sword of venom!!!
You die...
Fedhas appreciates your contribution to the ecosystem.

#..........#.......#####..
...+..........#........######
...(#####'######..............
..............................
#............................
#.........###+#####..........
#.........##cp#####..........
#.........##ccpc.##..........
#.........##@pRcc##..........
#.........#####ce##..........
#.........##![#..##..........
#.........##??#..##..........
#.........##+###+##..........
##.........# #...(......
...........# #..........
...........#########..........
..............................


You could see 2 vault wardens, 3 yaktaur captains, a rakshasa, a deep elf
archer, an ironbrand convoker and 4 yaktaurs.

Vanquished Creatures
  Mara (Elf:3)
  Sojobo (Vaults:2)
  Bai Suzhen (Shoals:3)
  Xtahua (Vaults:2)
  Saint Roka (Vaults:2)
  A Cloud Mage (WizLab)
  Jorgrun (Snake:2)
  Rupert (D:13)
  2 deep elf blademasters (Elf:3)
  3 deep elf master archers (Elf:3)
  Polyphemus (Shoals:2)
  A kraken (Shoals:4)
  2 tengu reavers (Vaults:2)
  Ilsuiw (Shoals:3)
  Kirke (Shoals:4)
  5 vault wardens
  10 greater nagas
  16 deep elf sorcerers
  3 deep elf elementalists (Elf:3)
  A ghoul (Vaults:3)
  7 ironheart preservers
  10 deep elf demonologists
  2 stone giants
  6 deep elf annihilators
  A dire elephant (Lair:6)
  6 merfolk impalers
  Snorg (Orc:2)
  6 deep elf death magi
  2 ettins
  6 merfolk javelineers (Shoals:4)
  A great orb of eyes (Vaults:1)
  5 yaktaur captains
  8 hydras
  12 naga warriors
  6 vault guards
  3 rakshasas
  2 alligator snapping turtles (Shoals:1)
  3 spriggan air magi (WizLab)
  5 merfolk avatars
  5 merfolk aquamancers (Shoals:4)
  9 centaur warriors
  12 anacondas
  2 death knights
  5 ogre magi
  A catoblepas (Shoals:2)
  An alligator (Shoals:1)
  2 satyrs (Shoals:4)
  26 dancing weapons
  A tengu warrior (D:15)
  Urug (D:13)
  8 death yaks
  A deep troll earth mage (Vaults:1)
  9 naga sharpshooters
  An orc high priest (Elf:1)
  Sonja (D:13)
  7 shock serpents
  A sun demon (Lair:6)
  A hell knight (D:15)
  19 deep elf knights
  2 small abominations
  A skeletal warrior (Vaults:3)
  2 shadow wraiths
  3 wandering mushrooms
  11 naga ritualists
  A giant orange brain (D:13)
  6 deep trolls
  11 sea snakes
  12 hill giants
  6 unseen horrors
  18 deep elf archers
  6 ironbrand convokers
  A phantasmal warrior (Vaults:3)
  3 wizards
  18 harpies
  2 orc sorcerers
  A harpy (shapeshifter) (Vaults:1)
  7 orc knights
  14 mana vipers
  12 griffons
  49 deep elf magi
  11 fauns
  8 ugly things
  2 necromancers
  5 salamanders
  8 cyclopes
  A wolf spider (Vaults:2)
  12 manticores
  17 sirens
  5 elephants (Lair:3)
  An elephant (shapeshifter) (D:15)
  5 vault sentinels
  A guardian serpent (Snake:3)
  32 black mambas
  A centaur zombie (D:13)
  4 water nymphs
  18 naga magi
  4 gargoyles
  A smoke demon (Lair:6)
  A torpor snail (Lair:2)
  14 spiny frogs
  6 orange demons
  Joseph (D:8)
  4 rime drakes
  2 freezing wraiths
  17 yaktaurs
  4 red devils
  A komodo dragon (shapeshifter) (Vaults:1)
  7 komodo dragons
  A hellwing (Lair:6)
  5 ice devils (Lair:6)
  28 merfolk
  A queen bee (D:15)
  3 meliai (D:15)
  A polar bear (Lair:6)
  20 wind drakes
  2 two-headed ogres (shapeshifter)
  6 trolls (Orc:2)
  21 slime creatures
  29 blink frogs
  7 snapping turtles
  12 two-headed ogres
  2 boulder beetles
  A shadow (D:13)
  5 water elementals
  36 air elementals
  2 vampires (D:14)
  4 wyverns
  4 wraiths
  43 yaks
  16 humans (D:13)
  Eustachio (D:5)
  5 fire elementals
  12 hippogriffs
  A hog (Shoals:4)
  A vampire mosquito (D:15)
  2 human simulacra
  5 basilisks
  3 hungry ghosts
  A human (shapeshifter) (Vaults:1)
  Menkaure (D:6)
  A steam dragon (Lair:5)
  6 mottled dragons
  8 wargs
  29 insubstantial wisps
  A warg (shapeshifter) (Vaults:2)
  33 nagas
  18 water moccasins
  2 soldier ants (D:9)
  An ogre skeleton (Vaults:1)
  9 porcupines
  3 swamp drakes
  4 sky beasts
  6 ice beasts
  3 black bears
  A wasp (D:12)
  A necrophage (D:11)
  42 orc warriors
  44 ogres
  3 phantoms
  14 centaurs
  18 crocodiles
  A big kobold (D:12)
  18 giant frogs
  A human skeleton (Vaults:1)
  3 earth elementals
  A wyvern skeleton (D:6)
  3 scorpions
  19 killer bees
  A howler monkey (D:5)
  4 wights (D:14)
  3 electric eels
  4 crimson imps
  7 hounds
  A wasp zombie (D:6)
  A jelly (D:11)
  2 giant frog skeletons
  23 orc priests
  Crazy Yiuf (D:4)
  11 centaur skeletons
  30 orc wizards
  Natasha (thrice) (D:4)
  15 iguanas
  4 hell rats (D:14)
  11 worker ants
  3 polar bear simulacra (Lair:4)
  13 sheep
  3 wolf simulacra (Lair:4)
  A hound skeleton (D:7)
  A worker ant zombie (D:7)
  9 gnolls
  2 howler monkey skeletons
  13 adders
  81 river rats
  5 shadow imps
  2 adder skeletons
  5 worms
  The ghost of whoyougonnacall the Skirmisher, a weakling FoMo (D:15)
  4 ball lightnings (D:12)
  3 dart slugs
  5 giant geckos
  109 orcs
  6 giant cockroaches
  10 goblins
  10 hobgoblins
  20 jackals
  4 quokkas
  2 ball pythons (D:3)
  8 bats
  6 giant newts
  8 kobolds
  5 rats
  5 river rat simulacra (Lair:4)
  4 ballistomycetes
  4 fungi (D:6)
  4 giant spores
  3 toadstools (Snake:4)
1692 creatures vanquished.

Vanquished Creatures (collateral kills)
  A merfolk javelineer (Shoals:3)
  2 deep elf archers (Elf:1)
  A manticore (Shoals:4)
  A deep elf mage (Elf:1)
  A siren (Shoals:4)
  A naga mage (Snake:4)
  3 merfolk
  A troll (Orc:2)
  A water elemental (Shoals:4)
  A hog (Shoals:4)
  A naga (Snake:4)
  2 orc warriors (Elf:1)
  An orc (Elf:1)
  19 giant spores
  2 hyperactive ballistomycetes
38 creatures vanquished.

Vanquished Creatures (others)
  2 deep elf high priests (Elf:3)
  An unseen horror (Vaults:1)
  3 deep elf magi
  An oklob plant (Snake:2)
  A vault sentinel (Vaults:2)
  A wind drake (D:12)
  A human (Shoals:4)
  22 wandering mushrooms
  A dancing weapon (D:10)
  A wasp (D:2)
  A worker ant (D:6)
  A killer bee zombie (D:8)
  A howler monkey zombie (D:8)
  15 ball lightnings (D:12)
  25 ballistomycetes
  9 fungi
  6 giant spores
  A hyperactive ballistomycete (Elf:3)
  12 plants
  77 spectral weapons
  4 tentacles (Shoals:4)
  25 tentacle segments (Shoals:4)
  1228 toadstools
1439 creatures vanquished.

Grand Total: 3169 creatures vanquished

Notes
Turn   | Place    | Note
-------+----------+-------------------------------------------
     0 | D:1      | mistymad the Merfolk Skald began the quest for the Orb.
     0 | D:1      | Reached XP level 1. HP: 16/16 MP: 3/3
   270 | D:1      | Reached XP level 2. HP: 4/23 MP: 0/5
  1074 | D:2      | Learned a level 2 spell: Song of Slaying
  1077 | D:2      | Learned a level 2 spell: Shroud of Golubria
  1104 | D:2      | Reached XP level 3. HP: 19/28 MP: 6/6
  1880 | D:2      | Reached XP level 4. HP: 29/34 MP: 7/7
  2095 | D:2      | Found an oddly glowing altar of Pakellas.
  2095 | D:2      | Noticed an orange crystal statue
  2096 | D:2      | Noticed a wasp
  2155 | D:2      | Killed a wasp
  2354 | D:2      | Reached skill level 1 in Shields
  2545 | D:3      | Reached XP level 5. HP: 34/41 MP: 1/9
  2773 | D:3      | Noticed an ogre
  2789 | D:3      | Killed an ogre
  2791 | D:3      | Reached XP level 6. HP: 47/47 MP: 4/10
  3480 | D:3      | Learned a level 3 spell: Regeneration
  3484 | D:3      | Learned a level 3 spell: Spectral Weapon
  3696 | D:4      | Reached XP level 7. HP: 54/54 MP: 6/12
  3781 | D:4      | Reached skill level 5 in Polearms
  3783 | D:4      | HP: 4/81 [ogre/giant spiked club (21)]
  4104 | D:4      | Found a shadowy altar of Dithmenos.
  4128 | D:4      | Found a runed door.
  4253 | D:5      | Entered Level 5 of the Dungeon
  4256 | D:5      | Noticed Eustachio
  4747 | D:5      | Reached skill level 5 in Charms
  4799 | D:5      | Reached XP level 8. HP: 45/61 MP: 7/13
  5243 | D:5      | Reached skill level 5 in Dodging
  5395 | D:5      | Killed Eustachio
  5395 | D:5      | Reached skill level 5 in Fighting
  5752 | D:5      | Found a staircase to the Ecumenical Temple.
  5821 | Temple   | Entered the Ecumenical Temple
  6298 | D:5      | Reached skill level 1 in Hexes
  6537 | D:4      | Reached XP level 9. HP: 53/68 MP: 8/15
  6650 | D:4      | Found a burning altar of Makhleb.
  6855 | D:4      | Noticed Natasha
  6861 | D:4      | Killed Natasha
  6928 | D:4      | Noticed Natasha
  6935 | D:4      | Killed Natasha
  6977 | D:4      | Noticed Natasha
  6984 | D:4      | Killed Natasha
  7123 | D:4      | Noticed Crazy Yiuf
  7129 | D:4      | Killed Crazy Yiuf
  7855 | D:6      | Noticed Menkaure
  7874 | D:6      | Killed Menkaure
  8011 | D:6      | Found a radiant altar of Vehumet.
  8068 | D:6      | Reached skill level 5 in Spellcasting
  8387 | D:6      | Found a hide-covered altar of Uskayaw.
  9133 | D:6      | Found an opulent altar of Gozag.
  9171 | D:6      | Found a sparkling altar of Nemelex Xobeh.
  9528 | D:7      | Found an opulent altar of Gozag.
  9551 | D:7      | Found Ughiunec's Gadget Shop.
  9722 | D:7      | Learned a level 1 spell: Apportation
  9726 | D:7      | Learned a level 3 spell: Tukima's Dance
  9735 | D:7      | Found a blossoming altar of Fedhas.
  9745 | D:7      | Became a worshipper of Fedhas Madash
  9773 | D:7      | Reached XP level 10. HP: 77/77 MP: 14/17
  9981 | D:7      | Found a white marble altar of Elyvilon.
  9981 | D:7      | Found a shimmering altar of Xom.
 10180 | D:8      | Noticed Joseph
 10243 | D:8      | Found Lets's Weapon Shop.
 10907 | D:8      | Found a glowing silver altar of Zin.
 11551 | D:8      | Paralysed by an orc for 5 turns
 11818 | D:8      | Killed Joseph
 11877 | D:8      | Found a snail-covered altar of Cheibriados.
 11892 | D:8      | Reached * piety under Fedhas
 11939 | D:8      | Reached skill level 5 in Hexes
 12111 | D:9      | Found a stormy altar of Qazlal.
 12233 | D:9      | Reached skill level 10 in Polearms
 12265 | D:9      | Noticed a hill giant
 12286 | D:9      | Killed a hill giant
 12433 | D:9      | Learned a level 4 spell: Summon Lightning Spire
 13019 | D:9      | Reached XP level 11. HP: 86/86 MP: 18/18
 13131 | D:10     | Entered Level 10 of the Dungeon
 13182 | D:10     | You fall through a shaft!
 13470 | D:11     | Found a portal to a secret trove of treasure.
 13568 | D:10     | Found Ippuc's Antique Armour Shoppe.
 13576 | D:10     | Bought a smoking leather armour for 217 gold pieces
 13576 | D:10     | Bought a pair of runed boots for 139 gold pieces
 13587 | D:10     | Identified the +2 leather armour "Tinoxt" {rC+ MR+ Dex-3} (You bought it in a shop on level 10 of the Dungeon)
 13598 | D:10     | Identified a +2 pair of boots of running (You bought it in a shop on level 10 of the Dungeon)
 13660 | D:10     | Noticed a hill giant
 13679 | D:10     | Killed a hill giant
 13800 | D:10     | Found a staircase to the Lair.
 13827 | D:10     | Reached ** piety under Fedhas
 13950 | D:10     | Reached skill level 10 in Dodging
 14561 | D:10     | Found a staircase to the Orcish Mines.
 14711 | D:10     | Killed an unseen horror
 14967 | D:10     | Killed an unseen horror
 15096 | Lair:1   | Entered Level 1 of the Lair of Beasts
 15119 | Lair:1   | Reached XP level 12. HP: 63/97 MP: 19/19
 15317 | Lair:1   | Reached skill level 10 in Fighting
 15369 | Lair:1   | Reached *** piety under Fedhas
 15616 | Lair:1   | Noticed a five-headed hydra
 15628 | Lair:1   | Killed a five-headed hydra
 15628 | Lair:1   | Reached skill level 10 in Charms
 16363 | Lair:1   | You fall through a shaft!
 16493 | Lair:2   | Reached **** piety under Fedhas
 16556 | Lair:2   | Found a staircase to the Snake Pit.
 16785 | Lair:2   | Noticed a seven-headed hydra
 16794 | Lair:2   | Killed a seven-headed hydra
 16794 | Lair:2   | Reached XP level 13. HP: 95/106 MP: 10/20
 17682 | Lair:3   | Reached ***** piety under Fedhas
 18602 | Lair:3   | Found a staircase to the Shoals.
 19072 | Lair:4   | Learned a level 2 spell: Slow
 20040 | Lair:5   | Found a staircase to the Slime Pits.
 20167 | Lair:5   | Reached skill level 5 in Shields
 20943 | Lair:6   | Entered Level 6 of the Lair of Beasts
 21000 | Lair:6   | Reached XP level 14. HP: 86/116 MP: 2/24
 21267 | Lair:6   | Reached ****** piety under Fedhas
 21577 | Lair:6   | Noticed a dire elephant
 21598 | Lair:6   | Killed a dire elephant
 21795 | Lair:6   | Reached skill level 10 in Shields
 22148 | Lair:6   | Found a burning altar of Makhleb.
 22426 | Lair:6   | Got a crude glass ring
 22429 | Lair:6   | Found a gateway to Hell.
 22487 | Lair:6   | Identified the ring "Waclis" {rPois rC+ Dex+4 Stlth+} (You took it off a red devil on level 6 of the Lair of Beasts)
 23021 | Orc:1    | Entered Level 1 of the Orcish Mines
 23279 | Orc:1    | Found an iron altar of Okawaru.
 23422 | Orc:2    | Entered Level 2 of the Orcish Mines
 23490 | Orc:2    | Found Xastrocukk's Food Shop.
 23525 | Orc:2    | Found Uvan's Jewellery Boutique.
 23591 | Orc:2    | Bought the ring of Puqycs {rN+ MR+ Int+5 SInv} for 719 gold pieces
 23615 | Orc:2    | Found Oblouklegi's Jewellery Boutique.
 23690 | Orc:2    | Found Zifiuritt's Jewellery Emporium.
 23744 | Orc:2    | Reached XP level 15. HP: 122/122 MP: 5/25
 23751 | Orc:2    | Noticed Snorg
 23789 | Orc:2    | Killed Snorg
 23943 | Orc:2    | Found Carurphuh's Book Shoppe.
 23946 | Orc:2    | Found Liniarem's General Store.
 23949 | Orc:2    | Found Zyekluo's Antique Weapon Shoppe.
 23972 | Orc:2    | Found Semu Wuth's Distillery.
 23973 | Orc:2    | Found a staircase to the Elven Halls.
 23973 | Orc:2    | Found Hain's Assorted Antiques.
 23986 | Orc:2    | Bought an inky potion for 25 gold pieces
 24002 | Orc:2    | Found a roughly hewn altar of Beogh.
 24375 | Orc:2    | Bought a potion of experience for 700 gold pieces
 24377 | Orc:2    | Reached XP level 16. HP: 128/128 MP: 26/26
 24397 | Orc:2    | Bought a scroll labeled HEMNIL MIPNOU for 28 gold pieces
 24397 | Orc:2    | Bought a scroll of identify for 56 gold pieces
 24402 | Orc:2    | Got a pair of faintly humming gloves
 24413 | Orc:2    | Identified the +5 pair of gloves of Voiwnic {rCorr Str+3} (You acquired it on level 2 of the Orcish Mines)
 25231 | D:12     | Reached skill level 15 in Shields
 25332 | D:12     | Reached skill level 1 in Invocations
 25819 | D:12     | Got an ancient leather armour
 25830 | D:12     | Identified the +1 leather armour of Broken Taboos {rElec rC- Dex+9} (You found it on level 12 of the Dungeon)
 26344 | D:12     | Found Soabej's Distillery.
 26422 | D:13     | Found a gate to the Vaults.
 26422 | D:13     | Noticed Rupert
 26422 | D:13     | Noticed Urug
 26666 | D:13     | Noticed Sonja
 26677 | D:13     | Killed Sonja
 26755 | D:13     | Reached skill level 5 in Invocations
 26930 | D:13     | Killed Rupert
 27056 | D:13     | Killed Urug
 27996 | D:14     | Found a shattered altar of Ashenzari.
 28546 | D:14     | Found Pygom's Food Boutique.
 28678 | D:15     | Entered Level 15 of the Dungeon
 28749 | D:15     | Noticed whoyougonnacall's ghost (weakling FoMo)
 28756 | D:15     | Killed whoyougonnacall's ghost
 28970 | D:15     | Noticed Roxanne
 29020 | D:15     | Reached XP level 17. HP: 113/139 MP: 27/27
 29336 | D:15     | Found a staircase to the Depths.
 29808 | Snake:1  | Entered Level 1 of the Snake Pit
 29809 | Snake:1  | Found Zarutwomn's Jewellery Shop.
 30925 | Snake:2  | Found Wostenydd's Gadget Emporium.
 31040 | Snake:2  | Noticed Jorgrun
 31051 | Snake:2  | Killed Jorgrun
 31346 | Snake:2  | Reached skill level 15 in Dodging
 31365 | Snake:2  | Found a deep blue altar of Sif Muna.
 31503 | Snake:2  | Reached skill level 15 in Fighting
 33045 | Snake:4  | Entered Level 4 of the Snake Pit
 33428 | Snake:4  | Learned a level 2 spell: Repel Missiles
 33431 | Snake:4  | Learned a level 2 spell: Blink
 33557 | Snake:4  | Reached XP level 18. HP: 130/151 MP: 27/31
 33757 | Snake:4  | Reached skill level 10 in Spellcasting
 34292 | Snake:4  | Got a serpentine rune of Zot
 34857 | Shoals:1 | Entered Level 1 of the Shoals
 34946 | Shoals:1 | Reached skill level 1 in Evocations
 34963 | Shoals:1 | Found Gewucu's Goods Gallery.
 35964 | Shoals:2 | Reached skill level 1 in Stealth
 36126 | Shoals:2 | Reached XP level 19. HP: 145/161 MP: 33/33
 36235 | Shoals:2 | Noticed Polyphemus
 36371 | Shoals:2 | HP: 7/161 [Polyphemus (24)]
 36376 | Shoals:2 | Killed Polyphemus
 37079 | Shoals:3 | Noticed Ilsuiw
 37211 | Shoals:3 | Noticed Bai Suzhen
 37258 | Shoals:3 | Killed Bai Suzhen
 37258 | Shoals:3 | Reached skill level 5 in Stealth
 37772 | Shoals:3 | Killed Ilsuiw
 38136 | Shoals:4 | Entered Level 4 of the Shoals
 38162 | Shoals:4 | Got a pair of brightly glowing gloves
 38174 | Shoals:4 | Identified the +2 pair of gloves of Servitude {rElec MR+ Slay+3 SInv} (You acquired it on level 4 of the Shoals)
 38440 | Shoals:4 | Noticed Kirke
 38470 | Shoals:4 | Killed Kirke
 38919 | Shoals:4 | Got a warped copper ring
 38921 | Shoals:4 | Identified the ring of Zicrimye {rF- MR+ Dex+4 Stlth+} (You found it on level 4 of the Shoals)
 39680 | Shoals:4 | Got a barnacled rune of Zot
 40171 | Elf:1    | Entered Level 1 of the Elven Halls
 40304 | Elf:1    | Reached XP level 20. HP: 171/171 MP: 30/34
 40515 | Elf:1    | Found Exil's General Store.
 40588 | Elf:1    | Bought a potion of heal wounds for 60 gold pieces
 40918 | Elf:1    | Reached skill level 10 in Stealth
 40972 | Elf:1    | Learned a level 4 spell: Passage of Golubria
 41226 | Orc:2    | Bought a manual of Dodging for 1324 gold pieces
 41728 | Elf:2    | Found a runed gate.
 41728 | Elf:2    | Found a runed gate.
 41731 | Elf:2    | Found a runed gate.
 42993 | Elf:3    | Entered Level 3 of the Elven Halls
 43031 | Elf:3    | Found Adajimp's Book Emporium.
 43046 | Elf:3    | Found a magical portal.
 43086 | WizLab   | Entered The Chambers of the Cloud Mage
 43517 | WizLab   | Noticed Zest
 43575 | WizLab   | Killed Zest the Cloud Mage
 43697 | WizLab   | Identified Wagromok's Reference Book on Feathers
 43703 | WizLab   | Identified the Reference Book on the Birds
 44277 | Elf:3    | Noticed Mara
 44319 | Elf:3    | Noticed mistymad's illusion
 44449 | Elf:3    | Noticed mistymad's illusion
 44567 | Elf:3    | Noticed mistymad's illusion
 44677 | Elf:3    | Noticed mistymad's illusion
 44682 | Elf:3    | Killed Mara
 44936 | Elf:3    | Reached XP level 21. HP: 180/180 MP: 31/35
 45358 | Elf:3    | HP: 6/184 [deep elf blademaster/short sword of holy wrath (21)]
 45363 | Elf:3    | HP: 6/184 [deep elf blademaster/short sword of holy wrath (13)]
 45363 | Elf:3    | HP: 2/184 [deep elf blademaster/short sword of holy wrath (4)]
 45799 | Elf:3    | Identified the Almanac of Glacial Slavery
 45891 | Elf:3    | Reached skill level 1 in Armour
 45939 | Elf:3    | Got a translucent plate armour
 45941 | Elf:3    | Identified the +6 plate armour of Lesser Demons {rPois Str-3 Dex+6} (You found it on level 3 of the Elven Halls)
 45962 | Elf:3    | Identified the Guide on Attacks
 46327 | Vaults:1 | Entered Level 1 of the Vaults
 47552 | Vaults:1 | Reached XP level 22. HP: 196/196 MP: 33/36
 48645 | Vaults:2 | Found Nuomuirr's Gadget Emporium.
 48683 | Vaults:2 | Noticed Saint Roka
 48731 | Vaults:2 | Killed Saint Roka
 48837 | Vaults:2 | Noticed Sojobo
 48897 | Vaults:2 | Killed Sojobo
 49152 | Vaults:2 | Found Wakhip's Antique Weapon Shoppe.
 49169 | Vaults:2 | Found Xaniv's General Store.
 49322 | Vaults:2 | Reached skill level 5 in Armour
 49389 | Vaults:2 | Found Bull's Magic Scroll Shop.
 49394 | Vaults:2 | Bought a scroll of enchant weapon for 97 gold pieces
 49409 | Vaults:2 | Found a staircase to the Crypt.
 49409 | Vaults:2 | Found an ancient bone altar of Kikubaaqudgha.
 49410 | Vaults:2 | Found a basalt altar of Yredelemnul.
 49556 | Vaults:2 | Noticed Xtahua
 49564 | Vaults:2 | Killed Xtahua
 50415 | Vaults:3 | Demolished by a vault warden (illusionary)

Vault maps used:
D:1:      sevenhm_arrival_forest_fort_small_3, solitary_fountain,
          minmay_misc_feat_iff
D:2:      gammafunk_pakellas_statue_experiment
D:4:      old_standard_altar, nicolae_overflow_hidden_temple, first_bread,
          small_statue_intersection, uniq_natasha, uniq_crazy_yiuf_cottage
D:5:      st_stairs_4, minmay_tree_intersection, uniq_eustachio
D:6:      grunt_gozag_breadcrumbs, fiery_altar_vehumet, kennysheep_little_box,
          lemuel_coloured_pillars_altar, nicolae_lava_and_water,
          minmay_misc_feat_more_columns, water_boxes_lemuel, uniq_menkaure
D:7:      fedhas_altar_3, amethyst_overflow_temple_binary, serial_shops,
          nicolae_shop_statue_plus, basic_altar
D:8:      lemuel_crystal_altar, cheibrodos_worm_habitat, serial_shops, shop,
          uniq_joseph
D:9:      nicolae_qazlal_style_of_elements, hangedman_pestilent_swarm,
          kennysheep_dice
D:10:     erik_lair_dragon, erik_orc_1, serial_shops, nicolae_shop_crystal,
          minmay_misc_feat_ornament, minmay_beelzebubs_servants
D:11:     enter_trove_3
D:12:     serial_shops, nicolae_shop_temple_entry_statues_fountains,
          aerie_lemuel
D:13:     david_vaults_3, uniq_sonja
D:14:     wad_woods_stonehenge, serial_shops, nicolae_shop_behind_doors,
          minmay_splitting_lines, minivault_22
D:15:     hangedman_depths_entry_civil_slaughter, serial_park_paths,
          minivault_7, uniq_roxanne
Temple:   compressed_dpeg_triangle_lava_temple
Lair:1:   wad_woods_06, beast_lair_carwin_11, grunt_megastairs_3
Lair:2:   guppyfry_snake_entry_island, minivault_26,
          cheibrodos_lair_reptile_den, lemuel_fruit_fields
Lair:3:   elwin_shoals_entry_stream
Lair:4:   eino_house_with_fridge, serial_bayou_shore_a, grunt_megastairs_2,
          lemuel_fruit_tree
Lair:5:   slime_dummy, st_stairs_3, guppyfry_lair_drakes
Lair:6:   evil_forest, grunt_megastairs_5
Shoals:1: nicolae_alphabet_shops, nicolae_shoals_siren_and_animal_friends
Shoals:2: nicolae_shoals_dead_sea_scrolls, uniq_polyphemus
Shoals:3: uniq_ilsuiw, uniq_bai_suzhen
Shoals:4: shoals_end_simple, shoals_ilsuiw_ice, uniq_kirke
Snake:1:  serial_shops, shop
Snake:2:  serial_shops, nicolae_shop_waterfront, lemuel_oklob_altar,
          uniq_jorgrun
Snake:4:  snake_pit, basic_stair_grate_trap
Orc:1:    okawaru_metal_pillars_1_2
Orc:2:    st_orc_open, serial_shops, nicolae_shop_stone,
          nicolae_shop_competitors_out_of_business, shop,
          nicolae_shop_competitors_out_of_business, shop, basic_altar,
          uniq_snorg
Elf:1:    serial_shops, shop, evilmike_minifort
Elf:3:    minmay_elf_hall_hex, infiniplex_enter_wizlab_glasses,
          minmay_shop_star, uniq_mara
Vaults:1: ontoclasm_vaults_ring_small, grunt_vaults_focal,
          nicolae_vaults_network_s, ontoclasm_vaults_spin, vaults_dpeg_cross,
          grunt_vaults_twisty, nicolae_vaults_specimen_jars,
          nicolae_vaults_circle_grid_b, hangedman_vaults_capsules,
          nicolae_vaults_little_squares_3, v_rooms_1, ontoclasm_vaults_shuriken,
          nicolae_vaults_rhombus_6, v_pattern_1, vaults_dpeg_ring
Vaults:2: minmay_crypt_entry_necro_gods, ontoclasm_vaults_idyll,
          vaults_dpeg_hooks, nicolae_vaults_shelves_hall, v_rooms_6,
          nicolae_vaults_little_squares_6, nicolae_vaults_back_hallway,
          vaults_room_corners, nicolae_vaults_what_the_h, v_misc_22,
          nicolae_vaults_little_squares_1, nicolae_vaults_angled_halls,
          vaults_mumra_minichess, serial_shops, shop, shop,
          nicolae_shop_behind_doors,
          nicolae_shop_temple_entry_statues_fountains, uniq_sojobo,
          uniq_saint_roka, uniq_xtahua
Vaults:3: hangedman_vaults_snaps, st_lattice, v_pattern_5,
          nicolae_vaults_stairing_the_circle, v_rooms_6,
          nicolae_vaults_big_angled_halls, nicolae_vaults_border_crossing,
          nicolae_vaults_asterisk, nicolae_vaults_rhombus_5,
          nicolae_vaults_sealed_display, grunt_vaults_hallway_short,
          nicolae_vaults_little_squares_4
WizLab:   wizlab_cloud

Skill      XL: |  1  2  3  4  5  6  7  8  9 10 11 12 13 14 15 16 17 18 19 20 21 22 |
---------------+-------------------------------------------------------------------+-----
Dodging        | 2 3 4 6 7 9 11 12 14 15 17 19 23 | 23.4
Fighting       | 3 4 5 6 8 9 11 12 14 15 17 18 19 22 23 | 23.2
Shields        | 1 2 3 4 7 12 14 15 | 15.0
Charms         | 4 5 7 9 10 | 10.9
Polearms       | 4 5 6 8 10 12 13 14 | 14.0
Spellcasting   | 3 4 5 7 9 10 | 10.6
Hexes          | 1 3 5 |  5.0
Invocations    | 7 8 |  8.5
Evocations     | 3 |  3.0
Stealth        | 2 9 10 | 10.1
Armour         | 1 6 |  6.5

Action                   |  1- 3 |  4- 6 |  7- 9 | 10-12 | 13-15 | 16-18 | 19-21 | 22-24 || total
-------------------------+-------+-------+-------+-------+-------+-------+-------+-------++-------
Melee: Spear             |   136 |   190 |   617 |   497 |       |       |       |       ||  1440
       Tailslap          |       |       |     2 |     1 |     6 |    35 |    62 |     8 ||   114
       Demon trident     |       |       |       |   482 |  1231 |  2577 |  2270 |   841 ||  7401
Throw: Throwing net      |       |       |       |       |       |     1 |       |       ||     1
 Cast: Infusion          |     2 |    10 |    17 |    13 |    16 |    10 |    11 |     3 ||    82
       Shroud of Golubri |       |     2 |    17 |    18 |    14 |    14 |    12 |     5 ||    82
       Song of Slaying   |       |     1 |     4 |     6 |    15 |    20 |    16 |     5 ||    67
       Spectral Weapon   |       |       |    17 |    44 |    48 |    44 |    91 |    28 ||   272
       Tukima's Dance    |       |       |     1 |     2 |       |       |       |       ||     3
       Regeneration      |       |       |       |    15 |     9 |     6 |    21 |     3 ||    54
       Apportation       |       |       |       |       |       |     3 |       |       ||     3
       Repel Missiles    |       |       |       |       |       |     1 |     7 |     1 ||     9
Invok: Evolution         |       |       |       |       |       |     4 |    34 |       ||    38
       Reproduction      |       |       |       |       |       |     6 |    11 |       ||    17
       Rain              |       |       |       |       |       |     1 |       |     1 ||     2
 Abil: Evoke Berserk Rag |       |     2 |     1 |       |       |       |       |       ||     3
Evoke: Wand              |       |       |       |       |     4 |     6 |     8 |     2 ||    20
       Phial of floods   |       |       |       |       |     1 |     1 |     2 |     1 ||     5
  Use: Scroll            |     7 |     2 |     2 |    12 |    13 |     8 |    11 |     4 ||    59
       Potion            |       |       |     4 |       |     1 |     1 |    14 |     3 ||    23
 Stab: Sleeping          |     1 |       |     3 |     3 |     2 |    17 |    22 |     6 ||    54
       Distracted        |       |       |     1 |     5 |    11 |    13 |    21 |     7 ||    58
       Paralysed         |       |       |       |       |       |     4 |       |       ||     4
       Confused          |       |       |       |       |       |     3 |     8 |       ||    11
  Eat: Chunk             |     3 |     7 |    20 |    26 |    28 |    26 |    38 |    10 ||   158
       Meat ration       |       |       |     1 |       |       |     1 |       |       ||     2
       Beef jerky        |       |       |     1 |     1 |     3 |       |       |       ||     5
       Pizza             |       |       |       |     1 |     1 |       |       |       ||     2
       Bread ration      |       |       |       |       |       |     2 |       |       ||     2
Armor: Leather armour    |    31 |    43 |    58 |   158 |   150 |   209 |   265 |    47 ||   961
       Robe              |       |       |    39 |    47 |       |       |       |       ||    86
       Crystal plate arm |       |       |       |       |       |       |     2 |       ||     2
Dodge: Dodged            |    50 |    73 |   272 |   402 |   633 |   955 |  1200 |   296 ||  3881
       Deflected         |       |       |       |       |       |    16 |    43 |    14 ||    73
Block: Buckler           |     9 |    28 |    75 |   117 |   126 |       |       |       ||   355
       Shield            |       |       |       |       |   207 |  1000 |   927 |   286 ||  2420
